Map: Tempestad

Players

MrFercho - Winner!

  • Race: Terran Terran
  • Spawn Location: 6:00

tigro - Winner!

  • Race: Terran Terran
  • Spawn Location: 7:00

IA (Muy difícil)

  • Race: Terran Terran
  • Spawn Location: 5:00

IA (Muy difícil)

  • Race: Zerg Zerg
  • Spawn Location: 12:00

IA (Muy difícil)

  • Race: Zerg Zerg
  • Spawn Location: 3:00

IA (Muy difícil)

  • Race: Protoss Protoss
  • Spawn Location: 1:00

IA (Muy difícil)

  • Race: Terran Terran
  • Spawn Location: 5:00

IA (Muy difícil)

  • Race: Protoss Protoss
  • Spawn Location: 11:00

VOD

Have the link to the VOD?

Description

Time

  • Played on: Aug. 1, 2019, 11:51 p.m.
  • Length: 29:07
Show
View Real Time Build Order
Export as new Build Order

MrFercho Terran - Winner!

Build Orders: Reaper Expand 

Get SALT Encoding   

  12  0:11  SCV  
  13  0:40  Supply Depot  
  13  0:44  SCV  
  14  0:51  Refinery  
  14  0:56  SCV  
  15  1:07  Barracks  
  15  1:19  SCV  
  16  1:31  SCV  
  17  1:43  SCV  
  18  1:55  SCV  
  18  1:57  Supply Depot  
  18  1:58  Reaper  
  20  2:36  Command Center  
  20  3:12  Factory  
  20  3:20  Refinery  
  20  3:27  Orbital Command  
  20  3:55  Factory  
  20  3:56  Marine  
  21  4:14  Marine  
  22  4:18  SCV  
  23  4:25  Engineering Bay  
  23  4:30  SCV  
  24  4:32  Marine  
  25  4:42  Factory Tech Lab x2, SCV  
  26  4:51  Engineering Bay  
  26  4:54  Starport, SCV  
  27  5:01  SCV  
  27  5:06  SCV  
  29  5:13  SCV  
  30  5:22  Refinery  
  30  5:25  SCV  
  31  5:30  Starport  
  31  5:37  SCV  
  32  5:46  Refinery  
  32  5:49  SCV  
  33  6:01  Planetary Fortress  
  33  6:16  Supply Depot  
  33  6:17  Siege Tank x2  
  39  6:39  Supply Depot  
  39  6:46  SCV x2  
  41  6:49  Widow Mine  
  43  6:58  SCV x2  
  43  7:01  Supply Depot  
  45  7:10  SCV x2  
  47  7:27  Barracks Tech Lab  
  47  7:31  Starport Tech Lab x2  
  47  7:34  Terran Infantry Armor Level 1, Terran Infantry Weapons Level 1  
  47  8:08  Armory  
  47  8:19  Cyclone  
  53  8:20  Cyclone  
  53  8:32  Liberator  
  53  8:50  Viking  
  58  8:55  Armory  
  58  9:14  Barracks  
  58  9:42  Armory  
  58  10:01  Barracks  
  58  10:06  Thor  
  58  10:07  Thor  
  64  10:10  Barracks Tech Lab  
  70  10:33  Supply Depot  
  70  10:56  Supply Depot  
  70  11:19  Supply Depot  
  70  11:41  Supply Depot  
  65  12:25  Siege Tank x2  
  65  12:28  Banshee x2  
  77  12:37  Fusion Core  
  77  12:39  Terran Ship Weapons Level 1, Terran Vehicle Weapons Level 1  
  77  12:40  Terran Vehicle And Ship Armor Level 1  
  77  12:41  Terran Infantry Weapons Level 2, Terran Infantry Armor Level 2  
  77  12:48  Barracks Tech Lab  
  77  12:55  Marauder x2  
  77  12:57  Siege Tank  
  84  13:11  Viking, Banshee  
  89  13:16  Marauder x2  
  93  13:38  Marauder x2  
  97  13:41  Medivac  
  99  13:54  Medivac  
  101  13:59  Marauder  
  103  14:11  Medivac  
  105  14:24  Battlecruiser  
  111  14:42  Battlecruiser  
  99  15:37  Terran Vehicle Weapons Level 2, Terran Ship Weapons Level 2  
  99  15:38  Terran Vehicle And Ship Armor Level 2  
  99  15:40  Terran Infantry Armor Level 3, Terran Infantry Weapons Level 3  
  99  15:43  Combat Shield  
  99  15:44  Concussive Shells  
  99  15:59  Marauder x3  
  105  16:06  Stimpack  
  105  16:20  Marauder x2, Marine  
  105  16:22  Siege Tank  
  105  16:23  Siege Tank  
  116  16:37  Supply Depot  
  116  16:38  Supply Depot, Marine  
  113  16:40  Supply Depot  
  113  16:41  Marine x2  
  77  16:54  Cyclone  
  77  16:55  Cyclone  
  77  16:56  Marine  
  77  16:59  Marine x2  
  86  17:07  Viking  
  86  17:08  Viking  
  90  17:13  Marine  
  91  17:38  Sensor Tower, Battlecruiser  
  97  17:44  Sensor Tower  
  97  17:52  Missile Turret  
  97  18:01  Missile Turret  
  97  18:08  Missile Turret  
  97  18:18  Missile Turret  
  97  18:23  Missile Turret  
  97  19:53  Infernal Pre-Igniter  
  97  19:54  Smart Servos  
  97  19:57  Terran Ship Weapons Level 3  
  97  19:58  Terran Vehicle And Ship Armor Level 3, Terran Vehicle Weapons Level 3  
  80  20:52  Weapon Refit  
  80  21:12  Drilling Claws  
  80  21:13  Mag-Field Accelerator  
  80  22:13  Command Center  
  80  22:18  Refinery  
  80  22:55  Marine  
  80  22:57  Marauder  
  80  22:58  Marauder  
  85  23:13  Marauder  
  85  23:18  Marine  
  85  23:19  Marauder  
  90  23:34  Marine  
  90  23:36  Marine  
  90  23:39  Marine  
  93  23:52  Marine  
  93  23:54  Marine  
  95  23:57  Marine  
  96  24:10  Marine  
  97  24:26  Refinery  
  97  24:28  Refinery  
  97  25:45  Hellion x2  
  101  25:57  Hi-Sec Auto Tracking  
  101  26:07  Hellion x2  
  102  26:28  Hellion x2  
  106  26:49  Hellion  
Show
View Real Time Build Order
Export as new Build Order

tigro Terran - Winner!

Build Orders:  

Get SALT Encoding   

  12  0:13  SCV  
  13  0:25  SCV  
  13  0:28  Supply Depot  
  14  0:37  SCV  
  14  0:41  Refinery  
  15  0:47  Refinery  
  15  1:07  Barracks  
  15  1:16  SCV  
  16  1:28  SCV  
  17  1:40  SCV  
  18  1:52  SCV  
  19  2:03  Barracks Tech Lab  
  19  2:04  SCV  
  19  2:08  Command Center  
  20  2:27  Marine  
  21  2:45  Marine  
  22  2:52  Engineering Bay  
  22  3:03  Marine  
  23  3:06  Orbital Command  
  23  3:20  Marine  
  24  3:38  Marine, Missile Turret  
  25  3:43  Planetary Fortress  
  25  3:45  Refinery  
  25  3:56  Marine  
  26  4:11  Supply Depot  
  26  4:14  Marine  
  27  4:31  SCV  
  28  4:32  Marine  
  29  4:43  SCV  
  30  4:49  Marine  
  30  4:50  Missile Turret  
  31  4:55  SCV  
  32  5:03  Terran Infantry Weapons Level 1  
  32  5:07  Marine, SCV  
  34  5:19  SCV  
  35  5:25  Marine  
  36  5:43  Marine  
  36  5:45  Refinery  
  37  6:01  Marine  
  37  6:02  Missile Turret  
  38  6:19  Marine, Factory  
  38  6:21  Combat Shield  
  39  6:37  Marauder  
  41  6:58  Marauder, Terran Infantry Armor Level 1  
  43  7:19  SCV  
  43  7:20  Marauder  
  46  7:24  Factory Tech Lab  
  46  7:36  Supply Depot  
  46  7:47  Infernal Pre-Igniter  
  46  7:53  Armory  
  46  7:58  Marauder  
  48  8:02  Stimpack  
  48  8:23  Starport  
  48  8:43  Thor  
  48  8:47  Terran Ship Weapons Level 1  
  54  8:52  Neosteel Armor  
  54  9:03  Missile Turret  
  54  9:06  Mag-Field Accelerator, Starport Tech Lab  
  54  9:42  Concussive Shells  
  54  9:46  Missile Turret  
  54  10:10  Supply Depot  
  54  10:32  Medivac, Hi-Sec Auto Tracking, Siege Tank  
  59  10:41  Fusion Core, Terran Vehicle Weapons Level 1  
  59  10:46  Supply Depot  
  59  11:02  Medivac  
  61  11:04  Siege Tank  
  64  11:40  Marine  
  65  11:56  Battlecruiser  
  65  11:58  Marine  
  72  12:16  Marine  
  73  12:30  Siege Tank  
  73  12:34  Marine  
  73  12:35  Terran Vehicle And Ship Armor Level 1  
  77  12:50  Missile Turret  
  77  12:51  Marine  
  78  13:00  Battlecruiser  
  84  13:53  Missile Turret  
  84  14:10  Weapon Refit  
  84  14:12  Rapid Reignition System  
  84  14:27  Marine  
  85  14:45  Marine  
  85  14:48  Supply Depot  
  86  15:09  Corvid Reactor  
  86  15:10  Marine, Siege Tank  
  37  15:28  Marine  
  38  15:38  Battlecruiser  
  38  15:42  Siege Tank  
  47  15:45  Marine  
  47  16:03  Marine  
  48  16:14  Siege Tank  
  51  16:21  Marine  
  52  16:27  Cloaking Field  
  52  16:39  Marine  
  53  16:42  Battlecruiser  
  53  16:46  Siege Tank  
  62  16:57  Marine  
  63  17:14  Marine  
  64  17:18  Thor  
  70  17:32  Marine  
  71  17:46  Battlecruiser  
  71  17:47  Hyperflight Rotors  
  71  17:50  Marine, Terran Vehicle Weapons Level 2  
  78  17:54  Terran Infantry Weapons Level 2  
  78  18:08  Marine  
  79  18:26  Marine  
  80  18:43  Marine  
  81  18:50  Medivac  
  83  19:01  Marine  
  84  19:19  Marine  
  84  19:20  Medivac  
  87  19:30  Refinery  
  87  19:37  Marine  
  88  19:45  Missile Turret  
  88  19:47  Advanced Ballistics  
  88  19:50  Medivac  
  90  19:55  Marine  
  91  20:05  Terran Vehicle And Ship Armor Level 2  
  91  20:12  Refinery  
  91  20:13  Marine  
  84  22:21  Terran Ship Weapons Level 2  
  84  25:37  Marine  
  85  25:55  Marine  
  86  26:13  Marine  
  87  26:30  Marine  
  88  26:48  Marine  
Show
View Real Time Build Order
Export as new Build Order

IA (Muy difícil) Terran 

Build Orders:  

Get SALT Encoding   

  12  0:01  SCV  
  13  0:13  SCV  
  14  0:18  Supply Depot  
  14  0:25  SCV  
  15  0:40  SCV  
  16  0:45  Barracks  
  16  0:52  SCV  
  17  1:04  SCV  
  18  1:11  Refinery  
  18  1:14  Supply Depot  
  18  1:16  SCV  
  19  1:28  SCV  
  20  1:34  Marine  
  21  1:44  Command Center  
  21  2:08  Barracks, SCV  
  21  2:11  Marine  
  23  2:16  Factory  
  23  2:20  SCV  
  24  2:25  Supply Depot  
  24  2:30  Marine  
  24  2:33  SCV  
  25  2:45  SCV  
  25  2:48  Marine  
  27  2:56  SCV  
  27  2:57  SCV  
  29  3:00  Factory Tech Lab  
  29  3:10  Orbital Command  
  29  3:12  Refinery  
  29  3:20  Orbital Command  
  29  3:22  Marine  
  29  3:25  Marine  
  30  3:35  SCV  
  30  3:40  Marine  
  32  3:43  Marine  
  32  3:45  SCV  
  32  3:47  SCV  
  34  3:57  Marine, SCV  
  34  3:59  SCV  
  34  4:00  Barracks  
  34  4:01  Marine  
  35  4:11  SCV  
  35  4:13  SCV  
  35  4:16  Barracks Tech Lab  
  36  4:20  Barracks Tech Lab  
  36  4:22  Supply Depot  
  36  4:23  SCV  
  37  4:25  SCV  
  38  4:34  Marine  
  38  4:35  SCV  
  38  4:37  Marine, SCV  
  38  4:47  Marine  
  38  4:48  SCV  
  38  4:50  SCV  
  38  4:52  Marine  
  42  4:55  Marine  
  42  4:56  Siege Tank  
  46  5:00  SCV  
  46  5:05  SCV  
  46  5:06  Barracks Reactor, Supply Depot  
  48  5:09  Marine  
  48  5:12  Engineering Bay, SCV  
  48  5:13  Marine  
  51  5:17  SCV  
  51  5:24  SCV  
  51  5:25  Refinery  
  51  5:27  Marine  
  53  5:28  Siege Tank  
  53  5:30  SCV  
  53  5:31  Marine  
  53  5:32  Barracks  
  58  5:36  SCV  
  58  5:40  Supply Depot  
  58  5:42  SCV  
  59  5:45  Stimpack, Marine, Missile Turret  
  59  5:48  SCV  
  59  5:49  Marauder, Starport  
  63  5:52  Missile Turret  
  63  5:53  Marine  
  63  5:54  SCV  
  65  5:58  Marine  
  65  6:00  Siege Tank, SCV  
  65  6:03  Marauder  
  72  6:04  Supply Depot  
  72  6:06  SCV  
  72  6:10  Marine  
  74  6:12  Marine, SCV  
  74  6:16  Combat Shield  
  76  6:20  Terran Infantry Weapons Level 1  
  76  6:25  Marauder  
  78  6:27  Engineering Bay  
  78  6:28  Marauder  
  78  6:29  Refinery  
  78  6:30  Supply Depot, Starport Reactor  
  80  6:33  Siege Tank  
  81  6:41  Marine  
  81  6:44  Marine  
  81  6:46  Marauder  
  85  6:52  Marauder, SCV  
  85  6:53  SCV  
  85  6:54  Terran Infantry Armor Level 1  
  89  6:55  Supply Depot  
  89  7:03  Missile Turret  
  89  7:07  Medivac x2  
  93  7:17  Marauder  
  93  7:18  Marauder  
  93  7:20  Supply Depot  
  97  7:24  Siege Tank  
  97  7:25  Missile Turret  
  100  7:38  Marauder, Concussive Shells  
  100  7:43  Marauder  
  104  7:46  Supply Depot  
  104  7:51  Missile Turret  
  104  7:56  Siege Tank  
  107  8:00  Marauder  
  107  8:01  Armory  
  109  8:11  Supply Depot  
  106  8:13  Marauder  
  104  8:21  Marauder  
  106  8:28  Siege Tank  
  109  8:34  Marauder  
  109  8:40  Supply Depot  
  111  8:46  Marauder  
  113  8:49  Armory  
  113  8:51  Terran Vehicle And Ship Armor Level 1  
  113  9:01  Widow Mine  
  115  9:05  Marine  
  115  9:07  Marine  
  115  9:08  Terran Infantry Weapons Level 2  
  117  9:11  Barracks  
  117  9:14  Supply Depot  
  117  9:17  Marine  
  117  9:18  Marine  
  117  9:22  Widow Mine  
  121  9:35  Marine  
  121  9:36  Liberator, Marine  
  121  9:37  Medivac  
  121  9:38  Marine  
  125  9:39  Supply Depot, Marine  
  125  9:41  Terran Vehicle Weapons Level 1  
  125  9:43  Widow Mine  
  129  9:50  Liberator  
  126  10:07  Marine  
  126  10:08  Marine  
  126  10:10  Marine  
  126  10:13  Supply Depot  
  132  10:18  Liberator  
  132  10:21  Marine  
  132  10:22  Marine  
  132  10:24  Marine, Widow Mine  
  137  10:35  Marine  
  137  10:41  Factory  
  140  10:45  Supply Depot  
  140  10:51  Missile Turret  
  140  10:53  Hi-Sec Auto Tracking  
  140  11:00  Starport  
  140  11:01  Marauder  
  140  11:02  Marine  
  140  11:04  Marine  
  140  11:05  Viking  
  140  11:07  Marine  
  140  11:08  Marine  
  140  11:09  Marine  
  133  11:18  Viking  
  133  11:20  Marine  
  133  11:22  Marine  
  133  11:23  Marine  
  133  11:25  Factory Tech Lab  
  138  11:26  Marine  
  138  11:27  Marine x2  
  141  11:33  Missile Turret  
  141  11:34  Terran Infantry Weapons Level 3  
  141  11:36  Starport Tech Lab  
  143  11:54  Hellion  
  143  11:55  Hellion  
  143  11:56  Raven  
  143  11:58  Supply Depot  
  147  12:04  Infernal Pre-Igniter, Factory  
  149  12:15  Hellion  
  149  12:16  Cyclone  
  152  12:26  Supply Depot  
  152  12:36  Cyclone  
  152  12:44  Terran Vehicle Weapons Level 2  
  152  12:49  Hellion  
  152  12:51  Hellion  
  156  12:56  Raven  
  158  13:09  Hellion  
  158  13:11  Hellion  
  162  13:15  Medivac  
  162  13:16  Medivac  
  162  13:17  Supply Depot  
  162  13:18  Hellion  
  168  13:29  Rapid Reignition System  
  168  13:30  Hellion  
  168  13:32  Hellion  
  172  13:46  Supply Depot  
  172  13:57  Factory  
  172  13:58  Factory Tech Lab  
  172  14:02  Siege Tank  
  175  14:14  Supply Depot  
  175  14:15  Terran Infantry Armor Level 2  
  175  14:19  Neosteel Armor  
  175  14:30  Siege Tank  
  178  14:50  Thor  
  184  15:08  Viking  
  184  15:10  Marauder  
  184  15:12  Viking  
  184  15:13  Viking  
  185  15:15  Hellion  
  185  15:19  Marauder  
  177  15:22  Marine  
  178  15:31  Marauder  
  180  15:42  Terran Vehicle Weapons Level 3  
  180  15:55  Siege Tank  
  183  16:11  Siege Tank  
  186  16:20  Command Center  
  186  16:35  Viking  
  186  16:36  Viking  
  169  16:41  Marauder  
  139  16:51  Marine  
  134  16:59  Marine  
  134  17:05  Marine  
  132  17:10  Marine  
  132  17:21  Marine  
  126  17:29  Marine  
  81  18:49  Marine x3  
  81  18:50  Viking, Hellion  
  88  19:02  Hellion  
  90  19:14  Hellion  
  86  19:26  Hellion  
  84  19:36  Marine  
  76  19:42  Marine  
  20  20:39  SCV  
Show
View Real Time Build Order
Export as new Build Order

IA (Muy difícil) Zerg 

Build Orders: Pool First, Swarm Host 

Get SALT Encoding   

  12  0:01  Drone  
  13  0:12  Overlord  
  13  0:16  Drone  
  14  0:30  Drone x2  
  14  0:34  Drone  
  17  0:49  Spawning Pool  
  16  0:50  Drone  
  17  1:14  Hatchery  
  17  1:15  Drone  
  17  1:18  Extractor  
  17  1:20  Drone  
  17  1:24  Extractor  
  16  1:28  Drone  
  16  1:32  Drone  
  18  1:38  Drone  
  19  1:49  Overlord  
  19  1:59  Queen  
  21  2:05  Zergling x2  
  22  2:11  Drone  
  23  2:27  Queen  
  25  2:34  Drone  
  26  2:40  Drone  
  27  2:45  Drone  
  27  2:50  Drone  
  29  3:05  Roach Warren  
  28  3:06  Drone  
  28  3:10  Drone  
  30  3:13  Zergling x2  
  30  3:16  Zergling x2  
  30  3:19  Zergling x2  
  32  3:26  Overlord  
  32  3:30  Drone  
  32  3:33  Drone  
  33  3:35  Drone  
  33  3:39  Drone  
  33  3:41  Zergling x2  
  34  3:46  Drone  
  34  3:50  Zergling x2  
  34  3:52  Zergling x2  
  33  3:55  Drone  
  33  4:00  Roach  
  36  4:05  Roach  
  36  4:09  Roach  
  40  4:13  Roach  
  42  4:20  Lair  
  42  4:26  Overlord  
  42  4:31  Overlord  
  42  4:34  Zergling x2  
  42  4:36  Zergling x2  
  35  4:39  Zergling x2  
  35  4:42  Drone  
  34  4:46  Roach  
  34  4:50  Roach  
  37  4:53  Drone  
  37  4:58  Roach  
  40  5:01  Drone  
  40  5:04  Zergling x2  
  38  5:08  Roach  
  38  5:11  Zergling x2  
  38  5:16  Roach  
  40  5:24  Hydralisk Den  
  39  5:29  Drone  
  39  5:32  Drone  
  39  5:34  Drone  
  42  5:37  Drone  
  42  5:40  Drone  
  44  5:43  Drone  
  44  5:46  Drone  
  44  5:49  Drone  
  47  5:51  Drone  
  47  5:54  Drone  
  47  5:55  Drone, Hydralisk  
  52  5:59  Hydralisk  
  52  6:04  Overlord  
  54  6:08  Hydralisk  
  54  6:10  Drone  
  57  6:13  Drone  
  57  6:15  Drone  
  59  6:19  Drone  
  59  6:23  Zergling x2  
  60  6:26  Overlord, Drone, Roach  
  60  6:31  Overseer, Drone  
  64  6:33  Drone  
  65  6:42  Drone  
  65  6:44  Drone  
  67  6:52  Drone  
  67  6:53  Baneling Nest  
  67  6:54  Overlord  
  67  6:55  Drone  
  67  6:56  Roach, Drone  
  71  7:04  Roach  
  71  7:06  Infestation Pit  
  71  7:08  Drone  
  73  7:15  Zergling x2  
  72  7:16  Roach  
  64  7:23  Zergling x2, Roach  
  64  7:24  Zergling x2  
  64  7:26  Hydralisk  
  64  7:27  Overseer, Roach  
  63  7:33  Queen  
  52  7:37  Roach  
  52  7:38  Roach  
  48  7:48  Zergling x2  
  48  7:49  Zergling x2  
  50  7:54  Ravager  
  50  7:56  Zergling x4  
  50  7:57  Zergling x2  
  54  7:59  Zergling x4  
  56  8:09  Baneling  
  56  8:10  Baneling, Zergling x4  
  56  8:12  Baneling  
  58  8:15  Baneling  
  58  8:16  Ravager  
  58  8:17  Baneling  
  58  8:18  Baneling  
  58  8:19  Baneling  
  59  8:20  Baneling, Overlord, Extractor  
  59  8:21  Baneling  
  59  8:22  Zergling x2, Baneling  
  59  8:23  Baneling  
  59  8:25  Overseer  
  57  8:27  Baneling  
  57  8:29  Baneling x2  
  57  8:30  Extractor  
  57  8:31  Infestor, Drone  
  57  8:39  Infestor  
  57  8:41  Zergling x4  
  59  8:42  Zergling x2  
  59  8:43  Zergling x2  
  59  8:46  Baneling  
  59  8:47  Baneling  
  60  8:52  Zergling x2  
  60  8:53  Drone  
  56  8:59  Baneling x2  
  56  9:00  Baneling  
  56  9:01  Baneling  
  55  9:03  Baneling, Hydralisk  
  55  9:05  Drone  
  55  9:06  Baneling  
  55  9:07  Baneling  
  57  9:11  Zergling x2, Hydralisk  
  57  9:13  Zergling x2  
  57  9:14  Baneling  
  57  9:15  Drone, Roach  
  60  9:26  Roach x2  
  60  9:30  Baneling  
  60  9:31  Baneling x2  
  63  9:33  Baneling  
  63  9:36  Overseer  
  63  9:37  Overlord  
  62  9:38  Zergling x2  
  62  9:43  Drone  
  62  9:44  Drone  
  62  9:45  Zergling x2  
  64  9:47  Hydralisk  
  64  9:48  Drone  
  66  9:57  Baneling  
  66  9:58  Baneling, Zergling x2  
  66  9:59  Drone  
  68  10:03  Baneling x2  
  68  10:08  Overlord  
  68  10:10  Zergling x2  
  69  10:14  Zergling x2  
  69  10:15  Zergling x4  
  69  10:20  Roach  
  74  10:23  Drone  
  74  10:30  Drone  
  74  10:32  Roach  
  74  10:33  Baneling  
  74  10:34  Baneling  
  74  10:35  Baneling  
  75  10:36  Baneling x2  
  75  10:40  Overlord  
  75  10:43  Zergling x2  
  75  10:46  Zergling x2  
  75  10:47  Infestor  
  75  10:48  Zergling x2  
  80  10:51  Zergling x2  
  80  10:54  Zergling x2  
  82  11:02  Roach  
  84  11:05  Overlord  
  84  11:13  Roach  
  84  11:16  Zergling x2  
  84  11:18  Zergling x4  
  87  11:19  Zergling x2  
  87  11:21  Baneling  
  87  11:24  Zergling x2  
  87  11:25  Baneling  
  86  11:27  Zergling x2  
  86  11:29  Metabolic Boost  
  86  11:31  Baneling  
  86  11:32  Baneling  
  86  11:34  Zergling x2  
  86  11:36  Baneling  
  86  11:38  Roach  
  84  11:40  Baneling  
  84  11:41  Baneling  
  84  11:42  Baneling  
  84  11:46  Roach  
  83  11:49  Zergling x2  
  83  11:53  Zergling x2  
  84  11:54  Zergling x2  
  84  11:55  Zergling x2  
  84  11:56  Zergling x2  
  84  11:57  Baneling  
  84  11:58  Baneling, Evolution Chamber  
  85  12:01  Zergling x2  
  85  12:02  Baneling  
  85  12:03  Baneling  
  85  12:04  Baneling  
  85  12:05  Baneling x2  
  85  12:06  Baneling  
  85  12:07  Zergling x2  
  85  12:08  Baneling  
  87  12:09  Baneling, Overseer  
  87  12:13  Overlord  
  87  12:14  Baneling  
  87  12:15  Baneling  
  84  12:16  Baneling, Swarm Host  
  84  12:19  Baneling  
  84  12:20  Baneling  
  84  12:22  Zergling x2  
  84  12:23  Zergling x2, Swarm Host  
  84  12:25  Zergling x2  
  84  12:27  Swarm Host  
  90  12:34  Baneling, Overlord  
  90  12:39  Zergling x2  
  90  12:40  Zerg Melee Weapons Level 1  
  91  12:44  Zergling x2  
  91  12:50  Zergling x2  
  93  12:56  Zergling x4  
  93  12:57  Zergling x2  
  93  12:58  Baneling  
  95  13:00  Zergling x2  
  96  13:06  Overlord  
  96  13:11  Roach  
  98  13:17  Zergling x2  
  98  13:21  Roach  
  98  13:25  Swarm Host, Roach  
  98  13:26  Overlord  
  105  13:29  Roach  
  105  13:32  Roach  
  107  13:40  Roach  
  109  13:43  Roach  
  111  13:50  Overlord  
  111  13:54  Roach  
  113  13:58  Roach  
  113  13:59  Roach  
  113  14:01  Roach  
  117  14:03  Zergling x2  
  117  14:04  Zergling x2  
  116  14:13  Zergling x2  
  116  14:15  Overlord  
  115  14:23  Zergling x2  
  116  14:26  Zergling x2  
  116  14:29  Roach  
  116  14:30  Roach  
  118  14:31  Zergling x2  
  118  14:36  Zergling x2  
  118  14:37  Zergling x2  
  118  14:42  Overseer  
  118  14:47  Overlord, Hydralisk  
  113  14:57  Swarm Host  
  113  14:58  Zergling x2  
  116  15:00  Hydralisk  
  116  15:01  Hydralisk  
  116  15:04  Roach  
  122  15:09  Overlord  
  122  15:13  Zergling x2  
  122  15:18  Baneling  
  122  15:19  Baneling, Hydralisk  
  122  15:20  Zergling x2  
  123  15:22  Baneling x2  
  123  15:23  Baneling  
  123  15:24  Baneling  
  123  15:30  Zergling x2  
  123  15:31  Zergling x2  
  123  15:32  Hydralisk  
  123  15:33  Hydralisk  
  123  15:34  Overlord  
  128  15:41  Zergling x2  
  128  15:42  Hydralisk  
  131  15:51  Zergling x2  
  131  15:53  Hydralisk  
  120  16:01  Swarm Host  
  112  16:05  Zergling x2  
  112  16:06  Zergling x4  
  114  16:13  Zergling x2  
  114  16:16  Zergling x2  
  114  16:18  Baneling  
  115  16:23  Baneling  
  115  16:24  Zergling x2  
  115  16:25  Baneling x2  
  116  16:26  Zergling x2  
  116  16:27  Baneling  
  116  16:28  Baneling x2  
  116  16:34  Zergling x2  
  116  16:35  Baneling  
  116  16:36  Zergling x4  
  116  16:37  Baneling, Hydralisk, Zergling x2  
  122  16:46  Zergling x2  
  123  16:49  Zergling x2  
  124  16:57  Zergling x2  
  124  17:00  Zergling x2  
  118  17:06  Zergling x2  
  118  17:08  Zergling x4  
  120  17:09  Roach  
  120  17:11  Hydralisk  
  125  17:17  Hydralisk  
  125  17:21  Hydralisk  
  129  17:27  Infestor  
  131  17:32  Infestor  
  133  17:39  Swarm Host  
  136  18:10  Hatchery  
  135  18:20  Swarm Host  
  138  18:31  Overlord  
  130  18:38  Zergling x2  
  126  18:45  Zergling x2  
  127  18:54  Zergling x2  
  128  19:04  Zergling x2  
  129  19:14  Zergling x2  
  104  20:02  Drone  
  70  20:45  Drone  
  70  21:07  Drone  
  63  21:23  Drone  
  44  22:47  Infestor, Zergling x2  
  44  22:48  Zergling x2, Roach  
  50  22:55  Drone  
  49  23:14  Drone  
  49  23:35  Drone  
  50  24:06  Roach  
  44  25:14  Drone  
  43  26:10  Drone  
Show
View Real Time Build Order
Export as new Build Order

IA (Muy difícil) Zerg 

Build Orders: Pool First 

Get SALT Encoding   

  12  0:01  Drone  
  13  0:12  Overlord  
  13  0:17  Drone  
  14  0:30  Drone  
  14  0:31  Drone  
  16  0:43  Spawning Pool  
  16  0:46  Drone  
  17  0:50  Drone  
  17  1:15  Hatchery, Drone  
  17  1:17  Extractor  
  16  1:20  Drone  
  16  1:23  Drone  
  18  1:28  Drone  
  19  1:38  Overlord  
  19  1:49  Drone  
  19  1:50  Queen  
  22  2:00  Zergling x2  
  23  2:11  Drone  
  24  2:21  Drone  
  25  2:26  Queen, Roach Warren  
  27  2:30  Drone  
  27  2:33  Extractor  
  25  2:40  Zergling x2  
  26  2:44  Drone  
  26  2:47  Drone  
  26  2:51  Drone  
  29  2:54  Drone  
  29  2:57  Zergling x2  
  31  3:01  Drone  
  31  3:05  Zergling x2  
  32  3:11  Drone  
  32  3:15  Overlord  
  32  3:18  Drone  
  33  3:21  Drone  
  33  3:25  Zergling x2  
  32  3:28  Zergling x2  
  32  3:31  Drone  
  33  3:35  Drone  
  33  3:39  Roach  
  36  3:42  Drone  
  36  3:46  Roach  
  37  3:49  Zergling x2  
  37  3:52  Drone  
  37  3:55  Zergling x2  
  37  3:58  Zergling x2  
  37  4:02  Roach  
  39  4:04  Drone  
  39  4:09  Roach  
  42  4:12  Drone  
  42  4:21  Lair  
  42  4:26  Zergling x2  
  42  4:28  Overlord  
  42  4:33  Zergling x2  
  42  4:36  Overlord  
  42  4:39  Zergling x2  
  42  4:42  Zergling x2  
  44  4:47  Zergling x2  
  44  4:48  Zergling x2  
  44  4:50  Drone  
  46  4:52  Drone  
  46  4:55  Drone  
  46  4:58  Drone  
  48  5:01  Drone  
  49  5:15  Drone  
  49  5:17  Drone  
  49  5:20  Drone  
  49  5:21  Hydralisk Den  
  51  5:22  Drone  
  51  5:26  Overlord  
  52  5:29  Drone  
  52  5:31  Drone  
  52  5:34  Drone  
  55  5:36  Drone  
  55  5:38  Drone  
  55  5:41  Drone  
  57  5:42  Drone  
  57  5:44  Drone  
  57  5:47  Zergling x2  
  57  5:49  Zergling x2  
  56  5:51  Drone  
  56  5:52  Drone  
  56  5:53  Hydralisk  
  56  5:56  Roach  
  52  5:58  Roach  
  52  6:02  Roach  
  47  6:07  Roach  
  47  6:10  Zergling x2  
  41  6:17  Hydralisk  
  42  6:25  Hydralisk  
  44  6:33  Hydralisk  
  44  6:36  Drone  
  44  6:39  Drone  
  48  6:42  Drone  
  48  6:44  Drone  
  50  6:47  Drone  
  50  6:50  Drone  
  50  6:52  Drone  
  53  6:54  Drone  
  53  6:57  Drone  
  53  6:59  Drone  
  56  7:02  Drone  
  56  7:04  Drone  
  59  7:08  Drone  
  59  7:14  Drone  
  60  7:17  Overseer, Drone  
  60  7:18  Roach  
  60  7:19  Overlord  
  60  7:21  Drone  
  64  7:24  Drone  
  65  7:31  Drone  
  65  7:35  Zergling x2  
  66  7:41  Drone  
  67  7:45  Baneling Nest  
  67  7:46  Zergling x2, Hydralisk, Roach  
  67  7:47  Drone  
  72  7:53  Overlord  
  72  7:57  Roach  
  74  8:11  Overlord, Roach  
  76  8:14  Zergling x2  
  76  8:15  Hydralisk  
  76  8:16  Zergling x2  
  76  8:17  Zergling x2  
  76  8:18  Zergling x2  
  82  8:23  Metabolic Boost  
  82  8:27  Zergling x2  
  82  8:29  Zergling x2  
  82  8:30  Baneling  
  82  8:31  Baneling  
  82  8:32  Baneling  
  82  8:33  Baneling  
  82  8:34  Baneling  
  84  8:35  Baneling  
  84  8:37  Baneling, Overlord  
  84  8:39  Ravager  
  84  8:40  Baneling  
  86  8:41  Zergling x2  
  86  8:47  Extractor, Roach, Zergling x2  
  86  8:48  Zergling x2, Centrifical Hooks  
  89  8:50  Zergling x4  
  89  8:51  Ravager  
  89  8:55  Evolution Chamber  
  91  9:00  Overlord  
  91  9:01  Extractor, Roach  
  92  9:11  Roach, Evolution Chamber  
  92  9:13  Drone  
  94  9:18  Overlord, Roach  
  94  9:19  Hydralisk  
  94  9:20  Evolution Chamber, Zerg Missile Weapons Level 1  
  94  9:22  Drone, Infestation Pit  
  94  9:23  Drone  
  98  9:33  Drone  
  98  9:34  Drone  
  98  9:37  Zerg Melee Weapons Level 1  
  99  9:43  Baneling  
  99  9:44  Drone  
  99  9:45  Zergling x2  
  100  9:47  Baneling  
  100  9:48  Zerg Ground Armor Level 1  
  100  9:50  Zergling x2  
  100  9:51  Zergling x2  
  100  9:52  Zergling x2  
  90  9:55  Hydralisk x2  
  70  10:06  Roach x2  
  58  10:07  Overseer  
  56  10:16  Roach  
  56  10:17  Roach  
  56  10:21  Infestor  
  60  10:22  Drone  
  60  10:23  Roach  
  60  10:24  Baneling  
  60  10:25  Baneling x2  
  60  10:26  Baneling  
  60  10:27  Baneling, Hydralisk  
  67  10:30  Zergling x2  
  68  10:37  Zergling x2  
  68  10:39  Hydralisk  
  63  10:49  Roach  
  56  10:51  Roach  
  56  10:52  Overseer  
  56  10:55  Zergling x2  
  56  10:56  Zergling x2  
  60  10:57  Zergling x2  
  60  10:58  Baneling x2  
  60  10:59  Roach  
  60  11:01  Baneling  
  60  11:02  Baneling  
  60  11:03  Roach  
  65  11:10  Roach  
  67  11:13  Roach  
  69  11:21  Roach  
  69  11:22  Baneling  
  69  11:24  Zergling x2  
  72  11:25  Zergling x2, Hydralisk  
  72  11:27  Zergling x2  
  72  11:31  Hydralisk  
  65  11:36  Roach  
  65  11:37  Overseer  
  58  11:42  Roach  
  50  11:47  Roach  
  50  11:56  Drone  
  50  11:57  Drone  
  50  11:58  Drone  
  50  11:59  Drone  
  53  12:06  Hatchery  
  52  12:10  Drone  
  53  12:20  Drone  
  54  12:27  Hydralisk  
  54  12:28  Hydralisk  
  54  12:29  Roach  
  60  12:32  Drone  
  55  12:42  Roach  
  45  12:53  Zergling x2  
  46  12:59  Hydralisk  
  46  13:01  Zergling x2, Roach  
  46  13:05  Roach  
  53  13:15  Hydralisk  
  53  13:17  Drone  
  56  13:25  Overseer  
  56  13:26  Zergling x2  
  56  13:34  Drone  
  56  13:38  Drone  
  58  13:41  Drone  
  58  13:46  Roach  
  61  13:50  Roach  
  61  13:52  Zergling x2  
  61  13:54  Zergling x2  
  61  13:58  Hydralisk  
  61  14:01  Roach  
  63  14:05  Roach  
  63  14:08  Hydralisk  
  61  14:13  Hydralisk  
  61  14:16  Zergling x2  
  55  14:19  Roach  
  48  14:27  Zergling x2  
  41  14:32  Roach  
  41  14:37  Drone  
  21  14:49  Drone  
  16  16:13  Drone x3  
Show
View Real Time Build Order
Export as new Build Order

IA (Muy difícil) Protoss 

Build Orders: Colossus Rush 

Get SALT Encoding   

  12  0:01  Probe  
  13  0:13  Probe  
  14  0:20  Pylon  
  14  0:25  Probe  
  15  0:35  Probe  
  16  0:43  Probe  
  16  0:47  Assimilator  
  17  0:51  Gateway  
  17  0:52  Probe  
  18  1:00  Probe  
  18  1:03  Pylon  
  18  1:08  Probe  
  20  1:19  Probe  
  21  1:39  Gateway, Probe  
  22  1:40  Zealot  
  22  1:42  Cybernetics Core  
  24  1:49  Pylon  
  24  1:51  Probe  
  25  2:00  Probe  
  25  2:08  Zealot  
  28  2:09  Probe  
  28  2:12  Assimilator  
  29  2:18  Warp Gate, Probe  
  30  2:26  Adept  
  32  2:30  Probe  
  32  2:34  Adept  
  35  2:38  Pylon  
  35  2:42  Probe  
  36  2:54  Probe  
  36  2:56  Adept  
  36  2:58  Sentry  
  40  3:06  Probe  
  41  3:18  Probe  
  42  3:25  Nexus  
  42  3:30  Probe  
  42  3:31  Stalker  
  45  3:42  Probe  
  45  3:45  Robotics Facility  
  46  3:54  Probe  
  47  3:58  Pylon  
  47  4:12  Probe  
  47  4:16  Adept  
  50  4:20  Probe  
  50  4:22  Adept  
  53  4:31  Probe  
  53  4:37  Probe  
  53  4:38  Adept  
  57  4:43  Probe  
  57  4:44  Robotics Bay  
  58  4:49  Probe  
  58  4:50  Observer  
  58  4:55  Probe  
  57  5:01  Probe  
  57  5:04  Robotics Facility  
  58  5:07  Probe  
  58  5:09  Pylon  
  58  5:12  Stalker  
  58  5:13  Probe  
  62  5:16  Stalker  
  62  5:19  Probe  
  65  5:25  Probe  
  65  5:26  Pylon  
  66  5:31  Probe  
  66  5:35  Probe  
  66  5:36  Colossus  
  73  5:43  Probe x2  
  73  5:45  Stalker  
  72  5:53  Zealot  
  72  5:58  Twilight Council  
  72  6:09  Probe  
  72  6:10  Assimilator, Zealot  
  75  6:19  Pylon  
  75  6:22  Assimilator  
  75  6:27  Gateway  
  75  6:33  Probe  
  75  6:34  Probe  
  75  6:37  Zealot  
  75  6:39  Zealot  
  81  6:41  Templar Archives  
  81  6:45  Probe  
  81  6:47  Pylon, Probe  
  83  6:53  Zealot  
  85  6:57  Probe  
  85  6:59  Probe  
  87  7:05  Zealot  
  87  7:07  Zealot  
  91  7:14  Pylon  
  90  7:21  Zealot  
  90  7:22  Observer  
  93  7:25  High Templar  
  93  7:27  Stalker  
  97  7:31  Gateway  
  97  7:34  Forge  
  97  7:36  Stalker  
  99  7:42  Pylon  
  99  7:46  Forge  
  99  7:50  Pylon  
  99  7:51  High Templar  
  101  7:52  Stalker  
  101  7:57  Stalker  
  105  8:08  Stalker  
  105  8:11  Archon  
  107  8:18  Pylon  
  107  8:21  Sentry  
  107  8:22  Photon Cannon  
  107  8:23  High Templar  
  107  8:25  High Templar  
  113  8:30  Archon  
  113  8:31  High Templar  
  115  8:37  Warp Prism  
  115  8:41  Pylon  
  115  8:44  Stalker  
  115  8:46  Pylon  
  119  8:53  Gateway  
  119  8:55  High Templar  
  121  8:57  Photon Cannon  
  121  8:59  Archon  
  121  9:00  Stalker  
  123  9:05  High Templar  
  125  9:19  High Templar  
  127  9:24  Archon  
  127  9:32  Photon Cannon  
  127  9:33  High Templar  
  127  9:34  Zealot  
  127  9:38  Photon Cannon, Zealot  
  132  9:43  Pylon  
  132  9:45  Zealot  
  128  9:48  Zealot  
  120  9:56  Zealot, Observer  
  120  9:59  Zealot  
  103  10:01  Warp Prism  
  103  10:03  Zealot  
  103  10:04  Sentry  
  103  10:06  Zealot  
  111  10:12  Gateway  
  111  10:16  Photon Cannon  
  111  10:17  Zealot  
  111  10:19  High Templar  
  114  10:22  High Templar  
  116  10:30  Archon  
  116  10:33  High Templar  
  110  10:48  Adept, High Templar  
  108  10:53  Archon  
  108  10:55  Photon Cannon  
  108  11:03  High Templar  
  110  11:11  Gateway, Zealot  
  112  11:18  High Templar  
  112  11:27  Sentry  
  112  11:29  Adept  
  114  11:35  Zealot  
  114  11:39  Sentry  
  118  11:44  Stalker  
  120  11:48  Zealot  
  120  11:54  Zealot  
  124  11:58  High Templar  
  124  11:59  Archon  
  126  12:03  Zealot  
  126  12:04  Zealot  
  126  12:05  Zealot  
  132  12:12  High Templar  
  134  12:16  Stalker  
  134  12:21  Stalker  
  138  12:26  Archon  
  138  12:36  High Templar  
  140  12:37  Pylon  
  137  12:51  High Templar  
  140  12:58  Observer  
  140  13:02  Stalker  
  142  13:12  Immortal  
  145  13:16  Photon Cannon  
  145  13:22  Immortal  
  149  13:27  Pylon  
  149  13:35  Zealot  
  149  13:36  Zealot  
  149  13:37  Zealot x2  
  149  13:39  Zealot  
  149  13:40  Zealot  
  161  13:46  Zealot  
  161  13:51  Immortal, Observer  
  161  13:54  Zealot  
  156  13:55  Zealot  
  156  13:57  Pylon, Zealot  
  156  14:00  Zealot  
  156  14:01  Zealot  
  165  14:02  Zealot  
  165  14:04  Photon Cannon  
  165  14:07  Zealot  
  163  14:11  Zealot  
  163  14:12  Immortal  
  163  14:16  Zealot  
  167  14:30  Immortal, Pylon  
  167  14:32  Zealot  
  165  14:42  Immortal, Zealot  
  167  15:01  Pylon  
  167  15:02  Zealot  
  169  15:09  Immortal  
  169  15:13  Zealot  
  175  15:21  Observer  
  176  15:28  Pylon  
  176  15:33  Adept  
  178  15:38  Sentry  
  180  15:48  Psionic Storm  
  180  16:08  Observer  
  180  16:11  Protoss Ground Armor Level 1, Protoss Ground Weapons Level 1  
  177  16:40  Immortal  
  140  17:28  High Templar  
  76  17:30  High Templar  
  76  17:35  Archon  
  62  17:38  High Templar  
  64  17:45  High Templar  
  66  17:51  Nexus  
  66  17:52  Archon  
  66  17:57  High Templar  
  68  18:02  High Templar  
  70  18:08  Archon  
  70  18:10  High Templar  
  71  18:29  High Templar  
  71  18:33  Archon  
  73  18:45  Zealot  
  65  19:20  Adept  
  66  19:31  Stalker  
  68  19:41  Stalker  
  70  19:53  Stalker  
  72  20:03  Stalker  
  74  20:08  Sentry  
  53  20:50  Adept, Stalker, Zealot  
  53  20:51  Sentry  
  57  21:00  Stalker  
  52  21:10  Zealot  
  43  21:20  Adept  
  45  21:30  Zealot  
  36  21:41  Zealot  
  34  21:51  Zealot  
  32  22:01  Zealot  
  30  22:12  Zealot  
  31  22:22  Adept  
  30  23:03  Nexus  
  20  24:04  Pylon  
  7  25:13  Probe  
  8  25:21  Probe  
  9  25:34  Probe  
  10  25:46  Probe  
  11  25:58  Probe  
  12  26:57  Pylon  
  12  27:10  Probe  
  12  27:27  Gateway  
  1  28:03  Nexus  
Show
View Real Time Build Order
Export as new Build Order

IA (Muy difícil) Terran 

Build Orders: Command Center First (CC) 

Get SALT Encoding   

  12  0:01  SCV  
  13  0:13  SCV  
  14  0:21  Supply Depot  
  14  0:25  SCV  
  15  0:42  SCV  
  16  0:54  SCV  
  17  1:06  SCV  
  17  1:07  Command Center  
  18  1:21  SCV  
  18  1:22  Barracks  
  19  1:43  Refinery  
  19  1:55  Supply Depot  
  19  1:56  SCV  
  20  2:09  Orbital Command, Refinery  
  20  2:10  Marine  
  21  2:19  SCV  
  22  2:28  Marine  
  23  2:31  SCV  
  23  2:35  SCV  
  24  2:43  SCV  
  24  2:45  Marine  
  24  2:47  SCV  
  26  2:55  Barracks  
  26  2:56  Supply Depot, SCV  
  26  3:03  Marine  
  26  3:09  Orbital Command  
  26  3:16  SCV  
  27  3:21  Marine  
  28  3:29  SCV  
  28  3:30  Factory  
  29  3:37  SCV  
  29  3:39  Marine  
  29  3:41  Marine, SCV  
  33  3:49  SCV  
  33  3:53  SCV  
  34  3:57  Marine  
  34  3:59  Marine  
  34  4:01  SCV  
  31  4:12  SCV  
  31  4:14  Marine  
  31  4:15  SCV  
  33  4:17  Marine  
  33  4:18  Barracks  
  33  4:22  Factory Tech Lab  
  34  4:24  SCV  
  34  4:27  SCV  
  36  4:34  Supply Depot, Barracks Tech Lab  
  36  4:35  Barracks Tech Lab  
  36  4:37  SCV  
  37  4:39  SCV  
  38  4:49  SCV  
  38  4:51  SCV  
  38  4:52  Marine  
  41  4:53  Marauder  
  43  5:01  SCV  
  43  5:04  Marine  
  43  5:05  Starport  
  43  5:06  SCV  
  46  5:10  Marine  
  46  5:13  SCV  
  47  5:14  Marine, Engineering Bay  
  48  5:22  Supply Depot  
  48  5:23  Marine  
  48  5:24  SCV  
  48  5:25  SCV, Refinery  
  48  5:28  Marine  
  52  5:33  Marauder  
  53  5:36  SCV  
  53  5:38  SCV  
  53  5:41  Barracks Reactor, Medivac, Refinery  
  55  5:46  Marine  
  55  5:47  Stimpack  
  55  5:48  SCV  
  56  5:51  SCV  
  56  5:54  Marauder  
  56  5:55  Missile Turret  
  59  5:59  Barracks  
  59  6:00  SCV  
  59  6:02  Supply Depot  
  59  6:03  SCV  
  63  6:04  Marauder  
  63  6:06  Missile Turret  
  63  6:12  Starport Reactor, SCV  
  63  6:15  Marine  
  63  6:17  Marine  
  63  6:18  Marine  
  66  6:20  Terran Infantry Weapons Level 1, SCV  
  66  6:24  SCV  
  71  6:25  Marauder  
  71  6:26  Supply Depot  
  71  6:32  SCV  
  72  6:33  Marine  
  72  6:35  Marine  
  72  6:36  Marine, SCV  
  74  6:46  Marine, SCV  
  75  6:47  Marine  
  75  6:48  Medivac  
  75  6:51  Marauder, Supply Depot, Siege Tank  
  75  6:53  Marine  
  75  6:54  Marine  
  84  7:01  Liberator  
  84  7:04  Marine  
  85  7:09  Combat Shield  
  85  7:12  Marauder  
  86  7:16  Supply Depot  
  86  7:22  Marauder  
  88  7:23  Siege Tank  
  91  7:34  Marauder  
  93  7:41  Supply Depot  
  93  7:44  Marauder, Engineering Bay  
  95  7:47  Liberator  
  95  7:48  Liberator  
  95  7:55  Siege Tank  
  101  8:06  Missile Turret  
  101  8:08  Supply Depot  
  104  8:17  Marauder  
  104  8:18  Concussive Shells  
  104  8:21  Terran Infantry Armor Level 1  
  104  8:23  Marauder  
  106  8:27  Siege Tank  
  106  8:28  Missile Turret  
  106  8:31  Marine  
  106  8:32  Marine  
  111  8:34  Marine  
  111  8:35  Supply Depot  
  111  8:39  Marauder  
  114  8:44  Marine  
  114  8:47  Medivac  
  117  8:53  Missile Turret  
  117  8:57  Medivac  
  117  8:59  Supply Depot, Siege Tank  
  117  9:00  Marauder  
  123  9:10  Liberator  
  122  9:17  Marauder, Viking  
  122  9:22  Marauder  
  126  9:27  Supply Depot  
  131  9:38  Marauder  
  131  9:45  Barracks  
  131  9:47  Viking  
  131  9:51  Marauder  
  135  9:54  Factory  
  135  9:55  Marine  
  135  9:57  Supply Depot  
  138  10:00  Marauder  
  138  10:10  Viking  
  138  10:12  Starport  
  140  10:19  Viking  
  142  10:24  Marine  
  142  10:25  Supply Depot, Marine  
  144  10:32  Missile Turret  
  144  10:35  Marine  
  144  10:37  Factory Tech Lab  
  144  10:40  Viking  
  144  10:41  Armory  
  147  10:50  Starport Tech Lab  
  147  10:54  Supply Depot, Marine  
  131  11:00  Siege Tank  
  131  11:01  Marine, Missile Turret  
  131  11:03  Marine x2  
  114  11:05  Marine x2  
  73  11:11  Siege Tank  
  59  11:20  Marauder  
  59  11:21  Marine x2  
  59  11:22  Marine, SCV  
  59  11:23  Marine  
  26  11:33  Siege Tank  
  26  11:34  SCV  
  26  11:38  Marine  
  26  11:39  Marine  
  27  11:41  Marauder  
  27  11:46  SCV  
  22  11:51  Marine  
  22  11:56  Marine  
  22  11:58  SCV  
  22  12:01  Marine  
  22  12:02  Marauder  
  15  12:10  SCV  
  16  12:22  SCV  
  16  12:23  Command Center  
  16  12:24  Marauder  
  18  12:35  SCV  
  11  12:47  SCV  
  12  12:59  SCV  
  12  13:04  Marine  
  14  13:10  Marine  
  14  13:11  SCV  
  16  13:23  SCV  
  17  13:35  Marine, SCV  
  19  13:42  SCV  
  17  13:53  SCV  
  16  14:02  SCV  
  16  14:08  SCV  
  17  14:14  SCV  
  17  14:18  Marine  
  17  14:23  Marine  
  18  14:30  SCV  
  18  14:36  SCV  
  19  14:41  Marine  
  19  14:46  Marine  
  19  14:50  Marine  
  19  14:57  SCV  
  17  15:00  Marine  
Show
View Real Time Build Order
Export as new Build Order

IA (Muy difícil) Protoss 

Build Orders: Zealot Archon 

Get SALT Encoding   

  12  0:01  Probe  
  13  0:13  Probe  
  14  0:22  Pylon  
  14  0:25  Probe  
  15  0:36  Probe  
  16  0:44  Probe  
  16  0:48  Assimilator  
  17  0:52  Gateway  
  17  0:53  Probe  
  18  1:01  Pylon, Probe  
  18  1:09  Probe  
  20  1:20  Probe  
  21  1:33  Probe  
  22  1:41  Zealot  
  22  1:44  Cybernetics Core  
  22  1:45  Probe  
  25  1:56  Probe  
  26  2:04  Probe  
  26  2:06  Pylon  
  26  2:12  Probe  
  27  2:17  Gateway  
  27  2:19  Assimilator  
  27  2:20  Stalker  
  27  2:22  Warp Gate  
  30  2:23  Probe  
  31  2:35  Probe  
  32  2:38  Pylon  
  31  2:47  Probe  
  31  2:50  Stalker  
  34  2:54  Gateway  
  34  2:56  Stalker  
  34  2:59  Probe  
  37  3:12  Probe  
  37  3:20  Stalker  
  37  3:24  Probe  
  40  3:31  Stalker  
  42  3:36  Probe  
  42  3:41  Zealot  
  43  3:48  Probe  
  43  4:00  Probe  
  44  4:09  Probe  
  44  4:16  Gateway  
  45  4:17  Probe  
  46  4:26  Probe  
  46  4:28  Zealot  
  46  4:33  Pylon  
  46  4:34  Stalker  
  46  4:38  Probe  
  46  4:50  Stalker, Probe  
  46  4:52  Stalker  
  51  4:55  Pylon  
  51  5:03  Probe  
  52  5:13  Stalker  
  52  5:14  Stalker  
  56  5:15  Probe  
  57  5:27  Probe  
  58  5:29  Pylon  
  58  5:39  Probe  
  58  5:46  Pylon  
  58  5:47  Adept  
  58  5:48  Sentry  
  58  5:49  Zealot  
  64  5:50  Adept  
  64  5:51  Probe  
  67  5:58  Twilight Council  
  67  6:03  Probe  
  68  6:10  Pylon  
  68  6:15  Probe  
  69  6:20  Zealot  
  69  6:23  Zealot  
  69  6:24  Sentry  
  75  6:27  Probe  
  75  6:28  Zealot  
  78  6:39  Pylon  
  78  6:40  Nexus  
  78  6:44  Templar Archives  
  78  6:59  Robotics Facility  
  78  7:01  Zealot  
  80  7:20  Pylon  
  80  7:21  Zealot  
  80  7:22  High Templar  
  78  7:23  High Templar  
  72  7:31  Archon  
  72  7:32  High Templar  
  74  7:41  High Templar  
  76  7:48  Archon  
  76  7:52  Stalker  
  78  8:08  Zealot  
  78  8:10  Observer  
  81  8:18  Assimilator  
  81  8:19  Zealot  
  83  8:23  Zealot  
  85  8:27  Zealot  
  85  8:31  Zealot  
  89  8:36  High Templar  
  89  8:39  Assimilator  
  89  8:43  Zealot  
  89  8:47  Zealot  
  91  8:51  Zealot  
  93  9:01  High Templar  
  93  9:02  Zealot  
  95  9:03  Probe  
  95  9:04  Probe  
  97  9:13  High Templar  
  97  9:15  Probe  
  100  9:18  Stalker  
  100  9:23  Stalker  
  98  9:26  Zealot  
  93  9:41  High Templar  
  93  9:42  Zealot  
  96  9:46  Zealot  
  96  9:47  Zealot  
  98  9:53  Pylon  
  98  10:00  Immortal  
  98  10:03  Zealot  
  98  10:04  Zealot  
  106  10:07  Zealot  
  106  10:09  High Templar  
  110  10:23  Stalker  
  110  10:24  Pylon  
  112  10:32  High Templar  
  110  10:39  Immortal  
  114  10:52  Stalker  
  114  10:56  Stalker, Pylon  
  118  10:58  Adept  
  120  11:08  Sentry  
  122  11:19  Immortal  
  122  11:21  Forge  
  122  11:23  Zealot  
  122  11:24  Adept  
  128  11:26  Pylon  
  128  11:28  Stalker  
  128  11:41  Zealot  
  128  11:44  Zealot  
  122  11:52  Zealot  
  124  11:54  Pylon  
  124  11:56  Zealot  
  124  11:58  Immortal  
  130  12:02  Zealot  
  130  12:04  Zealot  
  133  12:12  Zealot  
  133  12:14  Zealot  
  135  12:23  Zealot  
  135  12:25  Zealot  
  135  12:26  Pylon  
  135  12:37  Adept, Immortal  
  141  12:53  Pylon  
  141  12:54  Sentry  
  141  12:58  Adept  
  143  13:03  Sentry  
  137  13:07  Stalker  
  135  13:16  Immortal, High Templar  
  135  13:19  Stalker  
  133  13:28  Zealot  
  133  13:32  Stalker  
  123  13:41  Zealot  
  123  13:44  Zealot  
  123  13:48  Immortal, Zealot  
  127  13:54  Archon  
  119  13:55  Adept  
  119  13:56  Stalker  
  127  14:04  Zealot  
  127  14:08  Zealot  
  127  14:14  High Templar  
  127  14:16  Stalker  
  117  14:25  Sentry, Immortal  
  117  14:28  Zealot  
  117  14:39  Stalker  
  119  14:48  Zealot x2  
  119  14:49  Adept  
  113  14:59  High Templar  
  109  15:04  Observer  
  98  15:09  Sentry  
  98  15:11  Stalker  
  98  15:12  Zealot  
  88  15:26  High Templar  
  88  15:27  Stalker  
  92  15:34  High Templar  
  92  15:35  Zealot  
  92  15:42  Observer  
  83  15:46  Zealot  
  86  15:55  Zealot  
  80  15:59  Zealot  
  50  16:06  High Templar  
  50  16:07  Stalker  
  50  16:15  Zealot  
  50  16:19  High Templar  
  50  16:25  Archon  
  52  16:30  High Templar  
  54  16:33  Adept  
  54  16:35  Sentry  
  58  16:50  Stalker  
  58  16:52  Zealot  
  49  17:01  High Templar  
  49  17:02  High Templar  
  51  17:12  High Templar  
  51  17:13  High Templar  
  46  17:30  Nexus  
  45  17:38  Zealot  
  47  17:44  Archon  
  47  17:45  High Templar  
  49  18:01  High Templar  
  49  18:05  Adept  
  53  18:15  Stalker  
  55  18:25  Stalker  
  38  18:53  High Templar  
  10  19:41  Pylon  
Tags
 
Add a new tag
Caveats
  • Supply blocks, unpowered buildings, or Contaminate may cause inaccurate times.
  • Supply counts are checked every 10 seconds.